Map: Emerald City LE

Players

Massa

  • Race: Terran Terran
  • League: Platinum
  • Spawn Location: 11:00

qqq

  • Race: Protoss Protoss
  • League: Platinum
  • Spawn Location: 11:00

LaMangouste - Winner!

  • Race: Terran Terran
  • Spawn Location: 5:00

ScRiBbLe - Winner!

  • Race: Terran Terran
  • League: Master
  • Spawn Location: 5:00

VOD

Have the link to the VOD?

Description

Time

  • Played on: Dec. 13, 2020, 12:43 p.m.
  • Length: 15:24
Show
View Real Time Build Order
Export as new Build Order

Massa Terran 

Build Orders: Reaper Expand 

Get SALT Encoding   

  12  0:00  SCV  
  13  0:12  SCV  
  14  0:22  Supply Depot  
  14  0:24  SCV  
  15  0:36  Refinery  
  15  0:44  SCV  
  15  0:45  Barracks  
  16  0:56  SCV  
  17  1:15  SCV  
  18  1:27  SCV  
  19  1:38  Reaper  
  20  1:43  Command Center  
  21  1:52  Orbital Command, Bunker  
  20  2:14  Marine  
  21  2:28  Command Center  
  21  2:29  SCV  
  22  2:43  Factory  
  21  3:08  SCV  
  21  3:09  Orbital Command  
  21  3:12  Marine  
  23  3:16  Barracks  
  23  3:20  SCV, Barracks  
  24  3:30  Barracks  
  24  3:32  SCV  
  24  3:33  Factory Tech Lab  
  25  3:41  Barracks Tech Lab  
  25  3:44  SCV  
  25  3:47  Engineering Bay  
  26  3:49  Refinery, SCV  
  27  3:57  Siege Tank  
  27  4:01  Stimpack  
  30  4:03  Marine  
  30  4:05  Marine  
  30  4:06  Marine  
  30  4:09  SCV  
  34  4:12  SCV  
  34  4:13  SCV  
  36  4:21  SCV  
  36  4:22  Marine  
  38  4:27  Planetary Fortress  
  38  4:33  SCV x2  
  40  4:41  Marauder, Marine x2  
  40  4:42  Marine  
  40  4:45  SCV  
  46  4:47  Widow Mine  
  48  4:55  Missile Turret  
  48  4:59  Marine x2  
  50  5:00  Marine, Missile Turret  
  50  5:04  SCV x2  
  50  5:05  Missile Turret  
  53  5:15  Supply Depot  
  53  5:17  Supply Depot  
  53  5:20  Supply Depot  
  53  5:22  Supply Depot  
  53  5:36  SCV x3, Marine x3  
  53  5:37  Marauder  
  61  5:45  Siege Tank  
  61  5:48  SCV x3  
  67  5:51  Starport  
  67  5:54  Marine x3  
  70  5:58  Marauder  
  70  6:02  Combat Shield  
  70  6:10  Refinery  
  70  6:12  Refinery, SCV x3, Marine x2  
  75  6:19  Marauder  
  77  6:30  Marine  
  77  6:31  Marine x2  
  80  6:34  Widow Mine  
  82  6:41  Marauder  
  80  6:48  Marine x3  
  69  7:02  Marauder  
  69  7:06  Marine x2  
  69  7:07  Marine  
  73  7:13  SCV x2  
  73  7:14  SCV  
  76  7:21  Concussive Shells  
  76  7:23  Barracks  
  76  7:24  Barracks, Marauder, Marine x2  
  76  7:25  SCV, Marine  
  76  7:26  SCV x2  
  76  7:27  Barracks  
  84  7:30  Terran Infantry Weapons Level 1  
  84  7:34  Command Center  
  84  7:35  Armory  
  84  7:38  SCV  
  85  7:50  Supply Depot  
  85  7:51  Starport Reactor, Supply Depot  
  85  7:57  Barracks Tech Lab  
  85  7:58  Barracks Reactor  
  85  7:59  Barracks Tech Lab  
  85  8:12  SCV x2, Marauder  
  89  8:13  Supply Depot  
  89  8:15  Supply Depot  
  89  8:19  Marauder  
  93  8:20  Marauder  
  86  8:33  Marauder  
  66  8:38  Supply Depot  
  66  8:39  Barracks Reactor, Barracks Tech Lab x2  
  66  8:41  Marauder x2, Marine x2  
  67  8:43  SCV x3  
  67  8:45  Planetary Fortress  
  71  8:50  Missile Turret  
  71  8:51  Medivac x2  
  71  8:54  Siege Tank  
  71  8:55  Marauder  
  80  8:58  Marine  
  80  8:59  Marine  
  80  9:02  Marauder x2  
  86  9:04  Refinery  
  86  9:06  Refinery, Marauder x2  
  90  9:16  Marauder, Marine x2  
  94  9:24  Marauder x2  
  96  9:25  Terran Infantry Armor Level 1, Engineering Bay  
  96  9:26  Siege Tank  
  96  9:27  Marauder  
  96  9:28  Marauder, Terran Vehicle Weapons Level 1  
  103  9:34  Marine  
  103  9:37  Marauder  
  106  9:45  Marauder x2  
  110  9:58  Siege Tank  
  101  10:13  Marauder x5, Marine  
  101  10:14  Marine x3  
  115  10:25  SCV x2  
  115  10:26  SCV x2  
  119  10:30  Siege Tank  
  119  10:31  Marine x2  
  119  10:32  Marine x2, Medivac  
  119  10:33  Medivac  
  119  10:34  Marauder  
  119  10:35  Marauder x4  
  140  10:46  Supply Depot  
  140  10:47  Terran Infantry Weapons Level 2  
  140  10:55  Marine x2  
  140  10:56  Marauder  
  140  11:01  Marine x2  
  140  11:02  Marauder  
  140  11:07  SCV x3, Medivac, Siege Tank  
  140  11:10  Supply Depot  
  147  11:28  Marine  
  147  11:31  SCV x3, Marine  
  147  11:32  Marauder x2  
  156  11:34  Supply Depot  
  156  11:42  Command Center  
  156  11:49  Command Center  
  156  11:55  SCV x3, Marauder, Siege Tank  
  156  11:57  Supply Depot  
  164  12:05  Terran Infantry Armor Level 2  
  164  12:06  Supply Depot  
  164  12:07  SCV, Medivac x2, Supply Depot  
  169  12:08  Terran Vehicle And Ship Armor Level 1, Supply Depot x2  
  169  12:09  Supply Depot  
  169  12:19  SCV  
  170  12:27  Siege Tank  
  170  12:29  Marauder x3, Marine  
  182  12:30  Marauder, Command Center  
  182  12:32  Supply Depot x3  
  182  12:33  Supply Depot  
  182  12:36  Supply Depot  
  181  12:59  Siege Tank, Supply Depot  
  157  13:31  Siege Tank  
  154  13:36  Marauder, Marine  
  154  13:37  Marauder x2, Marine  
  152  13:54  Marine  
  152  13:55  Marine  
  154  13:57  Marine  
  154  13:58  Marine x2  
  157  14:08  Command Center  
  157  14:12  Marine  
  158  14:19  Command Center  
  96  14:33  Marauder  
  96  14:34  Marauder x2, Marine x2  
  81  14:44  Siege Tank  
  69  14:47  Medivac x2  
  69  14:51  Marine  
  69  14:52  Marine  
  75  14:53  Barracks  
  75  14:54  Barracks  
  75  14:55  Marauder x3  
  75  14:56  Barracks  
  75  14:58  Barracks  
Show
View Real Time Build Order
Export as new Build Order

qqq Protoss 

Build Orders: Carriers 

Get SALT Encoding   

  12  0:00  Probe  
  13  0:15  Pylon  
  13  0:23  Probe  
  14  0:36  Forge  
  14  0:37  Probe  
  16  0:50  Probe  
  16  0:57  Pylon  
  16  1:15  Photon Cannon  
  16  1:24  Photon Cannon  
  15  1:34  Pylon  
  15  1:46  Pylon  
  15  2:28  Probe (Chrono Boost)  
  16  2:36  Nexus  
  16  2:38  Probe (Chrono Boost)  
  16  2:40  Gateway  
  16  2:42  Probe (Chrono Boost)  
  16  2:48  Assimilator  
  16  2:50  Assimilator  
  17  2:54  Probe (Chrono Boost)  
  18  3:06  Probe (Chrono Boost)  
  19  3:15  Probe (Chrono Boost)  
  20  3:20  Probe  
  21  3:27  Cybernetics Core  
  21  3:30  Photon Cannon  
  21  3:32  Pylon  
  21  3:33  Probe (Chrono Boost)  
  22  3:44  Pylon  
  22  3:45  Probe (Chrono Boost)  
  23  3:50  Probe (Chrono Boost)  
  23  3:51  Probe (Chrono Boost)  
  25  3:59  Probe  
  25  4:01  Probe  
  27  4:06  Stargate  
  27  4:11  Probe  
  28  4:17  Probe  
  28  4:21  Stargate  
  29  4:30  Stalker  
  31  4:31  Probe  
  31  4:33  Pylon  
  31  4:34  Probe  
  33  4:42  Assimilator  
  33  4:44  Probe  
  34  4:46  Assimilator  
  34  4:47  Probe  
  35  4:56  Probe  
  35  4:59  Probe  
  37  5:05  Fleet Beacon  
  37  5:08  Probe  
  37  5:11  Probe  
  39  5:22  Phoenix  
  41  5:30  Photon Cannon  
  41  5:34  Photon Cannon  
  41  5:37  Phoenix  
  43  5:48  Photon Cannon  
  43  5:49  Probe (Chrono Boost)  
  45  5:50  Probe (Chrono Boost)  
  43  6:02  Carrier (Chrono Boost)  
  44  6:07  Probe (Chrono Boost)  
  50  6:29  Carrier  
  56  6:44  Pylon  
  56  6:48  Probe  
  56  6:49  Probe, Pylon  
  56  6:51  Pylon  
  56  6:53  Pylon  
  51  7:06  Tempest  
  55  7:20  Probe  
  53  7:32  Probe  
  54  7:45  Nexus  
  54  7:48  Probe  
  55  8:00  Probe (Chrono Boost)  
  56  8:11  Probe (Chrono Boost)  
  62  8:16  Probe (Chrono Boost)  
  62  8:19  Carrier  
  64  8:26  Probe  
  61  8:40  Probe  
  62  8:51  Photon Cannon  
  62  8:53  Probe  
  63  9:03  Carrier  
  63  9:05  Probe  
  70  9:17  Probe  
  70  9:23  Carrier  
  77  9:29  Probe  
  72  10:11  Carrier  
  78  10:28  Carrier  
  84  10:34  Gateway  
  84  10:37  Photon Cannon  
  84  10:42  Photon Cannon  
  84  10:47  Photon Cannon  
  84  11:03  Nexus  
  84  11:05  Pylon  
  84  11:07  Photon Cannon  
  84  11:08  Pylon  
  84  11:09  Pylon  
  84  11:34  Carrier  
  84  11:35  Carrier  
  96  11:45  Photon Cannon  
  96  11:47  Photon Cannon  
  96  11:54  Cybernetics Core  
  96  11:57  Pylon  
  96  12:02  Photon Cannon  
  96  12:06  Photon Cannon  
  96  12:37  Probe  
  96  12:39  Carrier  
  103  12:49  Probe  
  104  12:55  Robotics Facility  
  104  12:56  Protoss Air Weapons Level 1 (Chrono Boost)  
  104  13:01  Probe  
  104  13:14  Probe  
  105  13:24  Carrier  
  105  13:26  Probe  
  111  13:38  Fleet Beacon  
  111  13:42  Pylon  
  111  13:44  Pylon  
  111  13:47  Photon Cannon  
  111  13:49  Photon Cannon  
  111  13:52  Probe, Photon Cannon  
  111  13:53  Shield Battery  
  112  14:04  Probe  
  113  14:13  Phoenix  
  113  14:16  Probe, Nexus  
  116  14:28  Probe, Phoenix  
  119  14:33  Photon Cannon  
  119  14:40  Probe  
  85  15:12  Probe  
Show
View Real Time Build Order
Export as new Build Order

LaMangouste Terran - Winner!

Build Orders:  

Get SALT Encoding   

  12  0:00  SCV  
  13  0:12  SCV  
  14  0:22  Supply Depot  
  14  0:24  SCV  
  15  0:40  Refinery  
  15  0:44  SCV  
  15  0:46  Barracks  
  16  0:56  SCV  
  17  1:08  SCV  
  18  1:21  Barracks  
  18  1:34  Orbital Command  
  18  1:36  Marine  
  19  1:54  Marine  
  19  2:02  SCV  
  19  2:06  Supply Depot  
  20  2:10  Marine  
  20  2:14  SCV  
  22  2:25  Marine  
  22  2:27  SCV  
  24  2:39  SCV  
  24  2:42  Refinery  
  25  2:44  Barracks Reactor  
  25  2:46  Barracks Tech Lab  
  25  2:51  SCV  
  25  2:53  Command Center  
  26  3:03  SCV  
  27  3:08  Stimpack  
  27  3:10  Marine  
  28  3:15  SCV  
  29  3:20  Supply Depot  
  29  3:28  SCV, Marine  
  31  3:37  Factory  
  31  3:41  SCV, Marine x2  
  34  3:50  Engineering Bay  
  34  3:52  Marine  
  34  3:53  SCV  
  36  3:59  Marine  
  37  4:05  Barracks  
  37  4:06  SCV  
  37  4:07  Orbital Command  
  38  4:18  SCV, Missile Turret  
  38  4:24  Marine x2  
  40  4:29  Orbital Command, Factory Reactor  
  40  4:30  SCV  
  40  4:31  Starport, Marine  
  43  4:41  Marine  
  43  4:42  SCV, Marine  
  46  4:48  Combat Shield  
  46  4:50  Engineering Bay  
  46  4:52  Supply Depot  
  46  4:54  SCV  
  46  4:57  Barracks Reactor, Supply Depot  
  46  4:59  Marine  
  48  5:00  Marine  
  48  5:06  SCV x2  
  51  5:11  Missile Turret  
  51  5:18  SCV x2  
  53  5:23  Marine x3  
  53  5:27  Factory Reactor  
  56  5:29  Refinery  
  56  5:30  Medivac x2  
  56  5:35  SCV x2  
  62  5:40  Marine  
  62  5:42  Supply Depot  
  63  5:43  Supply Depot  
  63  5:44  Marine  
  63  5:45  Marine  
  65  6:09  Marine x4  
  65  6:10  Marauder  
  70  6:20  SCV x2  
  70  6:24  Medivac x2  
  76  6:27  Marine x4  
  76  6:31  Marauder  
  78  6:32  SCV  
  78  6:33  SCV  
  79  6:44  Marine  
  79  6:45  Marine x3  
  83  6:52  Marauder  
  85  6:56  Terran Infantry Armor Level 1, Terran Infantry Weapons Level 1  
  85  7:02  Marine  
  86  7:14  Marine  
  86  7:16  Marine x2  
  86  7:17  Marauder  
  86  7:20  Marine  
  73  7:25  Medivac x2  
  77  7:32  Marine, Concussive Shells  
  77  7:34  Barracks, Marine x2  
  80  7:38  Marauder, Marine  
  80  7:39  Barracks  
  80  7:41  Refinery  
  83  7:44  SCV  
  83  7:45  SCV, Command Center  
  83  7:50  Marine  
  86  8:01  Supply Depot  
  86  8:03  Supply Depot  
  86  8:18  Armory  
  86  8:19  Supply Depot  
  86  8:21  Supply Depot  
  86  8:22  SCV x2, Marine x4  
  86  8:23  Marauder  
  84  8:33  Marine  
  74  8:34  SCV x2  
  74  8:40  Marine x4  
  79  8:44  Marauder  
  79  8:47  SCV x2, Marine  
  79  8:48  Marine  
  85  8:51  Marine  
  86  8:58  Marine x4  
  86  8:59  SCV x2  
  92  9:02  Orbital Command  
  92  9:05  Marauder, Marine x2  
  92  9:06  Terran Infantry Armor Level 2, Terran Infantry Weapons Level 2, Missile Turret  
  92  9:09  Marine  
  96  9:26  Marine x5  
  96  9:27  Refinery, Marauder, Marine x2  
  105  9:44  Marine x6  
  105  9:45  Marine  
  112  9:48  Marauder  
  98  10:00  Orbital Command  
  98  10:02  Marine x6  
  93  10:09  Marauder  
  93  10:12  Medivac x2  
  91  10:23  Marine  
  91  10:24  Marine x6  
  98  10:31  Marauder  
  100  10:41  Marine  
  100  10:42  Marine x6, Medivac x2  
  110  10:52  Marauder  
  108  10:59  Marine x5  
  108  11:00  Marine  
  108  11:03  Marine  
  111  11:14  Marauder  
  111  11:17  Marine x6  
  119  11:21  Marine  
  119  11:23  Barracks  
  116  11:25  Medivac x2  
  116  11:28  Barracks  
  118  11:35  Marauder, Marine x6  
  118  11:39  SCV, Marine  
  128  11:40  SCV x2  
  130  11:51  Supply Depot  
  130  11:52  SCV x3, Supply Depot  
  133  11:55  Command Center, Supply Depot  
  133  12:05  Barracks Reactor  
  133  12:11  Terran Infantry Weapons Level 3  
  133  12:13  SCV, Marauder, Marine x4, Medivac x2  
  133  12:15  Terran Infantry Armor Level 3  
  144  12:19  Supply Depot  
  144  12:35  Marauder  
  146  12:43  Medivac x2  
  150  12:46  Marine x2  
  150  12:47  Marine x6  
  150  12:51  Barracks Reactor  
  158  12:56  Marauder, Supply Depot  
  158  12:57  Barracks Tech Lab  
  160  12:58  Supply Depot  
  160  13:04  Marine x2  
  158  13:17  Marauder  
  158  13:30  Marine x3  
  158  13:31  Marauder, Marine  
  158  13:32  Medivac x2  
  163  13:39  Marauder  
  157  13:50  Marine x5  
  157  13:51  Marine x5  
  157  13:52  Marauder  
  169  14:00  Marauder  
  167  14:07  Marine  
  167  14:08  Refinery, Marine x6, Planetary Fortress, Supply Depot  
  167  14:09  Marine x2  
  176  14:11  Supply Depot  
  176  14:13  Refinery, Marauder  
  176  14:14  Refinery, Supply Depot  
  176  14:22  Marauder  
  162  14:26  Marine  
  162  14:27  Marine  
  162  14:35  Marauder  
  160  14:43  Marauder  
  144  14:47  Marine  
  144  14:48  Marine x5  
  144  14:49  Marine  
  144  14:56  Marauder  
Show
View Real Time Build Order
Export as new Build Order

ScRiBbLe Terran - Winner!

Build Orders:  

Get SALT Encoding   

  12  0:00  SCV  
  13  0:12  SCV  
  14  0:18  Supply Depot  
  14  0:24  SCV  
  15  0:39  SCV  
  15  0:41  Barracks  
  16  0:46  Refinery  
  16  0:51  SCV  
  17  1:04  SCV  
  18  1:28  Marine  
  19  1:36  Bunker  
  19  1:57  Marine  
  18  2:21  Marine  
  19  2:22  Orbital Command  
  19  2:28  Command Center  
  19  2:42  Barracks Reactor  
  19  2:48  SCV  
  19  2:49  Engineering Bay  
  20  3:01  SCV  
  21  3:13  SCV  
  21  3:18  Factory  
  22  3:22  Supply Depot  
  22  3:24  Marine  
  23  3:44  SCV, Marine  
  23  3:48  Missile Turret  
  25  3:52  Marine  
  26  3:56  SCV  
  26  4:01  Orbital Command, Marine  
  28  4:03  Factory Tech Lab  
  28  4:06  Refinery, Starport  
  28  4:08  SCV  
  28  4:09  Marine  
  30  4:19  Marine  
  30  4:20  SCV  
  32  4:25  Siege Tank  
  32  4:27  Marine  
  36  4:32  SCV  
  36  4:33  SCV  
  36  4:35  Supply Depot  
  38  4:39  Orbital Command  
  38  4:47  Barracks, Marine x2  
  40  4:56  Viking  
  40  4:58  SCV  
  43  5:06  SCV  
  44  5:09  Siege Tank  
  47  5:14  SCV  
  47  5:19  Missile Turret  
  47  5:20  SCV  
  49  5:26  SCV  
  49  5:28  Medivac  
  52  5:34  Marine  
  53  5:36  Barracks Tech Lab  
  53  5:38  Barracks  
  53  5:45  SCV  
  53  5:48  Supply Depot  
  53  5:49  SCV, Supply Depot  
  54  6:05  Stimpack  
  54  6:09  Refinery, SCV x2, Marine  
  54  6:10  Widow Mine  
  59  6:25  Marine x3  
  62  6:37  Marine  
  62  6:39  Medivac, Siege Tank  
  68  6:43  Marine  
  66  6:49  Marine x2  
  66  6:51  SCV x2  
  70  6:55  Command Center  
  70  6:59  Marine  
  70  7:00  Marine  
  60  7:03  SCV x2  
  60  7:07  Marine  
  57  7:10  Barracks Reactor  
  57  7:11  Starport Reactor  
  57  7:12  Widow Mine  
  57  7:15  SCV x2  
  59  7:17  Refinery, Marine  
  61  7:27  SCV x2  
  61  7:28  Marine x2  
  65  7:33  Siege Tank  
  65  7:35  Marine  
  69  7:39  SCV  
  70  7:44  Supply Depot  
  70  7:45  Supply Depot  
  70  7:56  Combat Shield  
  70  8:06  SCV x2, Marine x5, Medivac x2  
  70  8:08  Orbital Command  
  81  8:17  Siege Tank  
  84  8:24  Marine x3  
  87  8:30  Marine x2  
  83  8:41  Marine x3  
  83  8:47  Orbital Command, Medivac  
  83  8:48  SCV, Marine x2, Medivac  
  90  8:49  SCV, Barracks  
  90  8:54  Widow Mine  
  96  8:59  Marine x2  
  96  9:00  SCV  
  99  9:04  Engineering Bay  
  99  9:05  Engineering Bay  
  99  9:07  Marine x2  
  101  9:16  Supply Depot  
  101  9:17  Supply Depot  
  101  9:32  Marine  
  101  9:33  Marine x2  
  101  9:37  Marine x2  
  98  9:39  Marine  
  89  9:46  SCV x2  
  89  9:50  SCV, Marine  
  89  9:51  Marine x2  
  91  9:54  Marine  
  91  9:55  Marine  
  91  9:56  Medivac x2  
  91  9:57  Marine  
  91  9:58  SCV x2, Barracks  
  91  9:59  Terran Infantry Weapons Level 1  
  100  10:02  SCV  
  100  10:03  Terran Infantry Armor Level 1  
  101  10:08  Marine  
  101  10:09  Marine x2  
  101  10:10  SCV x2  
  101  10:12  Widow Mine, Marine  
  101  10:13  Marine  
  110  10:14  Marine  
  110  10:19  Barracks  
  110  10:20  Barracks  
  111  10:22  Sensor Tower  
  111  10:25  Marine  
  111  10:26  SCV  
  111  10:27  SCV, Marine x2  
  116  10:30  Marine  
  117  10:38  Barracks Reactor  
  117  10:41  Armory  
  117  10:43  Supply Depot  
  117  11:04  Marine x6, Medivac  
  125  11:21  Barracks Reactor  
  125  11:22  Barracks Reactor  
  125  11:23  Missile Turret  
  125  11:28  Medivac  
  125  11:35  Terran Vehicle Weapons Level 1  
  125  11:38  Supply Depot  
  125  11:39  Supply Depot  
  125  11:41  Factory  
  125  11:56  Barracks Reactor, Terran Infantry Weapons Level 2  
  125  12:00  Terran Infantry Armor Level 2, SCV x2, Marine x7, Medivac, Siege Tank  
  139  12:02  Supply Depot  
  139  12:05  Supply Depot  
  139  12:07  Command Center  
  139  12:10  Supply Depot  
  139  12:11  Drilling Claws  
  139  12:14  Marine x2  
  141  12:24  Marine x8  
  141  12:25  Factory Tech Lab  
  141  12:26  Marine  
  150  12:32  Marine x2, Siege Tank  
  150  12:33  Marine x2  
  157  12:41  Marine x8  
  158  12:44  Marine  
  158  12:49  Siege Tank  
  158  12:50  Marine, Medivac  
  165  13:02  SCV, Marine  
  165  13:05  Marine x2  
  165  13:10  Siege Tank  
  165  13:11  SCV, Marine x3  
  165  13:13  Marine  
  165  13:14  Marauder  
  142  13:21  Marine x5  
  128  13:29  Marine, Siege Tank  
  131  13:35  Marauder  
  131  13:36  Marine x6  
  131  13:38  Marine  
  131  13:39  Marine x4  
  130  13:42  Siege Tank  
  130  13:44  Refinery  
  130  13:45  Refinery  
  130  13:46  Marine  
  134  13:54  Marine x4  
  138  13:56  Marauder  
  138  13:59  Missile Turret  
  138  14:01  Siege Tank  
  143  14:04  Marine  
  143  14:05  Marine x4  
  143  14:09  Planetary Fortress  
  148  14:13  Starport  
  148  14:14  Siege Tank  
  151  14:18  Marauder, Ghost Academy  
  151  14:20  Marine x2  
  155  14:27  Marine x5  
  155  14:28  Marine  
  155  14:29  Marine  
  155  14:31  Marine  
  157  14:32  Marine  
  157  14:33  Siege Tank  
  157  14:35  Marine  
  157  14:38  Marine x2  
  148  14:39  Marine  
  148  14:45  Marine x4  
  154  14:48  Marine x3  
  154  14:49  Marine x2  
  154  14:53  Marine  
  154  14:56  Marine x2  
  157  15:05  Marine x2  
Tags
 
Add a new tag
Caveats
  • Supply blocks, unpowered buildings, or Contaminate may cause inaccurate times.
  • Supply counts are checked every 10 seconds.